| TOP OF THE 1ST |
|
Chicago (APP) Cubs batting - Pitching for Bristol Pirates : RHP Jerry Spitler
|
|
Pitching: RHP Jerry Spitler
|
|
|
Batting: RHB Adrian Cox
|
0-0: Called Strike 0-1: Ball 1-1: Foul Ball, location: 2F 1-2: Ball 2-2: Ball 3-2: Strikes out looking
|
|
Batting: RHB Hugo Torrez
|
0-0: Called Strike 0-1: Ball 1-1: Ball 2-1: SINGLE (Groundball, 4D, EV 96.2 MPH)
|
|
Batting: RHB Roy Battist
|
0-0: Ball 1-0: Ball 2-0: Ball Hugo Torrez is caught stealing 2nd base 2-4 3-0: Called Strike 3-1: Foul Ball, location: 2F 3-2: Foul Ball, location: 2F 3-2: Strikes out swinging
|
| Top of the 1st over - 0 runs, 1 hit, 0 errors, 0 left on base; Chicago (APP) 0 - Bristol 0 |
| BOTTOM OF THE 1ST |
|
Bristol Pirates batting - Pitching for Chicago (APP) Cubs : LHP Eddie Panagos
|
|
Pitching: LHP Eddie Panagos
|
|
|
Batting: SHB Don Hauk
|
0-0: Foul Ball, location: 2F 0-1: Ball 1-1: Foul Ball, location: 2F 1-2: Ball 2-2: Ball 3-2: Strikes out looking
|
|
Batting: RHB Pete Hutton
|
0-0: Called Strike 0-1: Ball 1-1: Ball 2-1: Foul Ball, location: 2F 2-2: Strikes out looking
|
|
Batting: RHB Randy Bergman
|
0-0: Called Strike 0-1: DOUBLE (Line Drive, 5D, EV 98.1 MPH)
|
|
Batting: RHB Gilberto Victoria
|
0-0: Ball 1-0: Foul Ball, location: 2F 1-1: Ground out 6-3 (Groundball, 6, EV 82.5 MPH)
|
| Bottom of the 1st over - 0 runs, 1 hit, 0 errors, 1 left on base; Chicago (APP) 0 - Bristol 0 |
| TOP OF THE 2ND |
|
Chicago (APP) Cubs batting - Pitching for Bristol Pirates : RHP Jerry Spitler
|
|
Batting: RHB Mike Larson
|
0-0: Foul Ball, location: 2F 0-1: DOUBLE (Flyball, 78XD, EV 75.0 MPH)
|
|
Batting: RHB Josh Burns
|
0-0: Called Strike 0-1: Foul Ball, location: 2F 0-2: Ball 1-2: Strikes out swinging
|
|
Batting: RHB Jose Sanchez
|
0-0: Called Strike 0-1: Called Strike 0-2: Ball 1-2: Foul Ball, location: 2F 1-2: Ball 2-2: DOUBLE (Groundball, 5L, EV 106.2 MPH) Mike Larson scores
|
|
Batting: RHB T.J. Garrison
|
0-0: Swinging Strike 0-1: Foul Ball, location: 2F 0-2: Ball 1-2: Strikes out swinging
|
|
Batting: LHB Hiroki Yamamoto
|
0-0: Swinging Strike 0-1: SINGLE (Flyball, 89S, EV 98.1 MPH) Jose Sanchez to third Runner from 3rd tries for Home, SAFE, throw by RF to home Hiroki Yamamoto to second
|
|
Batting: RHB Mike Hill
|
0-0: Ball 1-0: Fly out, F7 (Flyball, 78M, EV 91.9 MPH)
|
| Top of the 2nd over - 2 runs, 3 hits, 0 errors, 1 left on base; Chicago (APP) 2 - Bristol 0 |
| BOTTOM OF THE 2ND |
|
Bristol Pirates batting - Pitching for Chicago (APP) Cubs : LHP Eddie Panagos
|
|
Now at 1B: Chris Stec
|
|
|
Batting: LHB Randy Boone
|
0-0: Called Strike 0-1: Ball 1-1: Ground out 1-3 (Groundball, 34S, EV 63.8 MPH)
|
|
Batting: RHB Frank Elizondo
|
0-0: Swinging Strike 0-1: Ball 1-1: Called Strike 1-2: Ball 2-2: Strikes out swinging
|
|
Batting: RHB Alain Marquet
|
0-0: Foul Ball, location: 2F 0-1: Foul Ball, location: 2F 0-2: Ball 1-2: Strikes out swinging
|
| Bottom of the 2nd over - 0 runs, 0 hits, 0 errors, 0 left on base; Chicago (APP) 2 - Bristol 0 |
| TOP OF THE 3RD |
|
Chicago (APP) Cubs batting - Pitching for Bristol Pirates : RHP Jerry Spitler
|
|
Batting: RHB Adrian Cox
|
0-0: Called Strike 0-1: Ball 1-1: Ground out 5-3 (Groundball, 5S, EV 80.6 MPH)
|
|
Batting: RHB Hugo Torrez
|
0-0: Ball 1-0: Foul Ball, location: 2F 1-1: Swinging Strike 1-2: Ball 2-2: Strikes out swinging
|
|
Batting: RHB Roy Battist
|
0-0: SOLO HOME RUN (Flyball, 7D, EV 94.4 MPH), Distance : 374 ft
|
|
Batting: RHB Mike Larson
|
0-0: Ball 1-0: SINGLE (Groundball, 5S, EV 64.4 MPH) (infield hit)
|
|
Batting: RHB Josh Burns
|
0-0: Called Strike 0-1: DOUBLE (Line Drive, 5D, EV 106.2 MPH) Mike Larson to third
|
|
Batting: RHB Chris Stec
|
0-0: Foul Ball, location: 2F 0-1: Ball 1-1: SINGLE (Groundball, 4M, EV 95.6 MPH) Mike Larson scores Josh Burns to third
|
|
Batting: RHB T.J. Garrison
|
0-0: Ball 1-0: Called Strike 1-1: Called Strike 1-2: Foul Ball, location: 2F 1-2: Strikes out swinging
|
| Top of the 3rd over - 2 runs, 4 hits, 0 errors, 2 left on base; Chicago (APP) 4 - Bristol 0 |
| BOTTOM OF THE 3RD |
|
Bristol Pirates batting - Pitching for Chicago (APP) Cubs : LHP Eddie Panagos
|
|
Batting: RHB Rob Colley
|
0-0: Ball 1-0: Swinging Strike 1-1: Ball 2-1: Swinging Strike 2-2: Strikes out swinging
|
|
Batting: RHB Erik Mulligan
|
0-0: Called Strike 0-1: Called Strike 0-2: Ball 1-2: Foul Ball, location: 2F 1-2: Strikes out swinging
|
|
Batting: SHB Don Hauk
|
0-0: Ball 1-0: Swinging Strike 1-1: Swinging Strike 1-2: Foul Ball, location: 2F 1-2: Foul Ball, location: 2F 1-2: Ball 2-2: Foul Ball, location: 2F 2-2: Strikes out swinging
|
| Bottom of the 3rd over - 0 runs, 0 hits, 0 errors, 0 left on base; Chicago (APP) 4 - Bristol 0 |
| TOP OF THE 4TH |
|
Chicago (APP) Cubs batting - Pitching for Bristol Pirates : RHP Jerry Spitler
|
|
Batting: LHB Hiroki Yamamoto
|
0-0: Ball 1-0: Ball 2-0: Ball 3-0: Called Strike 3-1: Ground out 6-3 (Groundball, 6D, EV 104.4 MPH)
|
|
Batting: RHB Mike Hill
|
0-0: Ball 1-0: Ball 2-0: Swinging Strike 2-1: Ball 3-1: Called Strike 3-2: Strikes out looking
|
|
Batting: RHB Adrian Cox
|
0-0: Called Strike 0-1: Ball 1-1: Ball 2-1: Fly out, F8 (Line Drive, 8LD, EV 95.0 MPH)
|
| Top of the 4th over - 0 runs, 0 hits, 0 errors, 0 left on base; Chicago (APP) 4 - Bristol 0 |
| BOTTOM OF THE 4TH |
|
Bristol Pirates batting - Pitching for Chicago (APP) Cubs : LHP Eddie Panagos
|
|
Batting: RHB Pete Hutton
|
0-0: Called Strike 0-1: Ball 1-1: Ball 2-1: Ball 3-1: Foul Ball, location: 2F 3-2: Strikes out swinging, 2-3 out at first.
|
|
Batting: RHB Randy Bergman
|
0-0: Ball 1-0: Ground out 6-3 (Groundball, 56, EV 75.6 MPH)
|
|
Batting: RHB Gilberto Victoria
|
0-0: Ball 1-0: Ball 2-0: Foul Ball, location: 2F 2-1: Foul Ball, location: 2F 2-2: Strikes out swinging
|
| Bottom of the 4th over - 0 runs, 0 hits, 0 errors, 0 left on base; Chicago (APP) 4 - Bristol 0 |
| TOP OF THE 5TH |
|
Chicago (APP) Cubs batting - Pitching for Bristol Pirates : RHP Jerry Spitler
|
|
Batting: RHB Hugo Torrez
|
0-0: Called Strike 0-1: Ball 1-1: Ball 2-1: Called Strike 2-2: Ground out 5-3 (Groundball, 5, EV 100.6 MPH)
|
|
Batting: RHB Roy Battist
|
0-0: Fly out, F6 (Popup, 6M, EV 70.0 MPH)
|
|
Batting: RHB Mike Larson
|
0-0: SINGLE (Line Drive, 4MD, EV 98.8 MPH)
|
|
Batting: RHB Josh Burns
|
0-0: Foul Ball, location: 2F 0-1: 2-RUN HOME RUN (Flyball, 7LD, EV 91.9 MPH), Distance : 347 ft
|
|
Pitching: RHP Onne Stubbe
|
|
|
Batting: RHB Chris Stec
|
0-0: Called Strike 0-1: Ball 1-1: Foul Ball, location: 2F 1-2: Strikes out swinging
|
| Top of the 5th over - 2 runs, 2 hits, 0 errors, 0 left on base; Chicago (APP) 6 - Bristol 0 |
| BOTTOM OF THE 5TH |
|
Bristol Pirates batting - Pitching for Chicago (APP) Cubs : LHP Eddie Panagos
|
|
Batting: LHB Randy Boone
|
0-0: Fly out, F8 (Line Drive, 78M, EV 100.0 MPH)
|
|
Batting: RHB Frank Elizondo
|
0-0: Ball 1-0: SINGLE (Groundball, 6S, EV 69.4 MPH) (infield hit)
|
|
Batting: RHB Alain Marquet
|
0-0: Ball 1-0: Called Strike 1-1: Fly out, F9 (Flyball, 9S, EV 85.6 MPH)
|
|
Batting: RHB Rob Colley
|
0-0: Ball 1-0: Ball 2-0: Swinging Strike 2-1: Swinging Strike 2-2: Ball 3-2: Foul Ball, location: 2F 3-2: Base on Balls Frank Elizondo to second
|
|
Batting: RHB Erik Mulligan
|
0-0: Ball 1-0: Called Strike 1-1: Foul Ball, location: 2F 1-2: Foul Ball, location: 2F 1-2: Strikes out looking
|
| Bottom of the 5th over - 0 runs, 1 hit, 0 errors, 2 left on base; Chicago (APP) 6 - Bristol 0 |
| TOP OF THE 6TH |
|
Chicago (APP) Cubs batting - Pitching for Bristol Pirates : RHP Onne Stubbe
|
|
Batting: RHB T.J. Garrison
|
0-0: Ball 1-0: Ball 2-0: Called Strike 2-1: Ball 3-1: Base on Balls
|
|
Batting: LHB Hiroki Yamamoto
|
0-0: Foul Ball, location: 2F 0-1: Foul Ball, location: 2F 0-2: Strikes out swinging
|
|
Batting: RHB Mike Hill
|
0-0: Ball 1-0: Called Strike 1-1: Called Strike 1-2: SINGLE (Line Drive, 8LS, EV 101.9 MPH) T.J. Garrison to second
|
|
Batting: RHB Adrian Cox
|
0-0: Ball 1-0: Ball 2-0: Called Strike 2-1: Ball 3-1: Called Strike 3-2: Foul Ball, location: 2F 3-2: Foul Ball, location: 2F 3-2: Base on Balls T.J. Garrison to third Mike Hill to second
|
|
Batting: RHB Hugo Torrez
|
0-0: Ball 1-0: Ball 2-0: Called Strike 2-1: Ball 3-1: SINGLE (Flyball, 9S, EV 92.5 MPH) T.J. Garrison scores Mike Hill to third Adrian Cox to second
|
|
Batting: RHB Roy Battist
|
0-0: Foul Ball, location: 2F 0-1: Ball 1-1: Fielders Choice at 2nd, 4-6 (Groundball, 34, EV 84.4 MPH) Mike Hill scores Adrian Cox to third
|
|
Batting: RHB Mike Larson
|
0-0: Ground out 6-3 (Groundball, 6S, EV 90.6 MPH)
|
| Top of the 6th over - 2 runs, 2 hits, 0 errors, 2 left on base; Chicago (APP) 8 - Bristol 0 |
| BOTTOM OF THE 6TH |
|
Bristol Pirates batting - Pitching for Chicago (APP) Cubs : LHP Eddie Panagos
|
|
Pitching: RHP Dwight Bean
|
|
|
Batting: SHB Don Hauk
|
0-0: Foul Ball, location: 2F 0-1: Foul Ball, location: 2F 0-2: Ball 1-2: Foul Ball, location: 2F 1-2: Ball 2-2: Strikes out swinging
|
|
Batting: RHB Pete Hutton
|
0-0: SINGLE (Line Drive, 89M, EV 98.8 MPH)
|
|
Batting: RHB Randy Bergman
|
0-0: Called Strike Pete Hutton steals 2nd, throwing error, E2 Pete Hutton to third 0-1: Ball 1-1: Fly out, F8 (Flyball, 8LD, EV 102.5 MPH) Runner from 3rd tags up, SCORES, no throw by CF
|
|
Batting: RHB Gilberto Victoria
|
0-0: Ball 1-0: Foul Ball, location: 2F 1-1: Called Strike 1-2: SINGLE (Line Drive, 56, EV 99.4 MPH)
|
|
Batting: LHB Randy Boone
|
0-0: Ground out U3 (Groundball, 34, EV 81.9 MPH)
|
| Bottom of the 6th over - 1 run, 2 hits, 1 error, 1 left on base; Chicago (APP) 8 - Bristol 1 |
| TOP OF THE 7TH |
|
Chicago (APP) Cubs batting - Pitching for Bristol Pirates : RHP Onne Stubbe
|
|
Batting: RHB Josh Burns
|
0-0: Ball 1-0: Called Strike 1-1: Foul Ball, location: 2F 1-2: SOLO HOME RUN (Flyball, 9LD, EV 95.0 MPH), Distance : 352 ft
|
|
Batting: RHB Chris Stec
|
0-0: Ball 1-0: Ball 2-0: DOUBLE (Line Drive, 3D, EV 100.0 MPH)
|
|
Batting: RHB T.J. Garrison
|
0-0: Ball 1-0: Fly out, F9 (Flyball, 89M, EV 87.5 MPH)
|
|
Pinch Hitting: RHB Andy Baumhardt
|
0-0: Ball 1-0: Ball 2-0: SINGLE (Groundball, 6S, EV 95.0 MPH) Chris Stec to third Throwing error, E8 Chris Stec scores Andy Baumhardt to second
|
|
Batting: RHB Mike Hill
|
0-0: Swinging Strike 0-1: Ball 1-1: Foul Ball, location: 2F 1-2: SINGLE (Line Drive, 6MD, EV 96.2 MPH) Andy Baumhardt to third
|
|
Batting: RHB Adrian Cox
|
0-0: Ball 1-0: Ball 2-0: Called Strike 2-1: Foul Ball, location: 2F 2-2: Foul Ball, location: 2F 2-2: Ball 3-2: Reached on error, E6 (Groundball, 6, EV 85.6 MPH) Andy Baumhardt scores Mike Hill to second
|
|
Pitching: RHP Andrew DeRicco
|
|
|
Batting: RHB Hugo Torrez
|
0-0: Ball 1-0: Called Strike 1-1: Ball 2-1: Foul Ball, location: 2F 2-2: Foul Ball, location: 2F 2-2: Fielders Choice at 2nd, 1-6 (Groundball, 34S, EV 65.6 MPH) Mike Hill to third
|
|
Batting: RHB Roy Battist
|
0-0: Ball 1-0: Ball Wild Pitch! Mike Hill scores Hugo Torrez to second 2-0: Called Strike 2-1: Swinging Strike 2-2: Foul Ball, location: 2F 2-2: Foul Ball, location: 2F 2-2: Reached on error, E6 (Groundball, 6, EV 82.5 MPH) Hugo Torrez to third
|
|
Batting: RHB Mike Larson
|
0-0: Ball 1-0: Fielders Choice at 2nd, 5-4 (Groundball, 56, EV 78.1 MPH)
|
| Top of the 7th over - 4 runs, 4 hits, 3 errors, 2 left on base; Chicago (APP) 12 - Bristol 1 |
| BOTTOM OF THE 7TH |
|
Bristol Pirates batting - Pitching for Chicago (APP) Cubs : RHP Dwight Bean
|
|
Now at 3B: Andy Baumhardt
|
|
|
Batting: RHB Frank Elizondo
|
0-0: Swinging Strike 0-1: Foul Ball, location: 2F 0-2: Ball 1-2: Foul Ball, location: 2F 1-2: Ball 2-2: Ball 3-2: Base on Balls
|
|
Batting: RHB Alain Marquet
|
0-0: Ball 1-0: Foul Ball, location: 2F 1-1: Foul Ball, location: 2F 1-2: Ball 2-2: Ball 3-2: Grounds into double play, 5-4-3 (Groundball, 56S, EV 87.5 MPH)
|
|
Batting: RHB Rob Colley
|
0-0: Ball 1-0: Called Strike 1-1: Foul Ball, location: 2F 1-2: Hit by Pitch
|
|
Batting: RHB Erik Mulligan
|
0-0: Called Strike 0-1: Ball 1-1: Ball 2-1: Fly out, F9 (Flyball, 9S, EV 86.9 MPH)
|
| Bottom of the 7th over - 0 runs, 0 hits, 0 errors, 1 left on base; Chicago (APP) 12 - Bristol 1 |
| TOP OF THE 8TH |
|
Chicago (APP) Cubs batting - Pitching for Bristol Pirates : RHP Andrew DeRicco
|
|
Batting: RHB Josh Burns
|
0-0: Foul Ball, location: 2F 0-1: Foul Ball, location: 2F 0-2: Ball 1-2: Strikes out swinging
|
|
Pitching: RHP Ronnie Brooks
|
|
|
Batting: RHB Chris Stec
|
0-0: Ball 1-0: Ball 2-0: Called Strike 2-1: Ground out 4-3 (Groundball, 4, EV 86.2 MPH)
|
|
Batting: RHB T.J. Garrison
|
0-0: Called Strike 0-1: Foul Ball, location: 2F 0-2: Ball 1-2: Ball 2-2: Foul Ball, location: 2F 2-2: Foul Ball, location: 2F 2-2: Foul Ball, location: 2F 2-2: SINGLE (Groundball, 56, EV 95.0 MPH)
|
|
Batting: RHB Andy Baumhardt
|
0-0: Called Strike 0-1: Ball Wild Pitch! T.J. Garrison to second 1-1: Swinging Strike 1-2: Foul Ball, location: 2F 1-2: Hit by Pitch
|
|
Batting: RHB Mike Hill
|
0-0: Foul Ball, location: 2F 0-1: Swinging Strike 0-2: Ball 1-2: Foul Ball, location: 2F 1-2: Foul Ball, location: 2F 1-2: Foul Ball, location: 2F 1-2: Ball 2-2: Foul Ball, location: 2F 2-2: Ball 3-2: Fly out, F7 (Flyball, 7D, EV 96.2 MPH)
|
| Top of the 8th over - 0 runs, 1 hit, 0 errors, 2 left on base; Chicago (APP) 12 - Bristol 1 |
| BOTTOM OF THE 8TH |
|
Bristol Pirates batting - Pitching for Chicago (APP) Cubs : RHP Dwight Bean
|
|
Pitching: RHP Roberto Cruz
|
|
|
Batting: SHB Don Hauk
|
0-0: Ball 1-0: Ball 2-0: Swinging Strike 2-1: Ball 3-1: Base on Balls
|
|
Batting: RHB Pete Hutton
|
0-0: Ball 1-0: Ball 2-0: Called Strike 2-1: Ball 3-1: Called Strike 3-2: Foul Ball, location: 2F 3-2: Base on Balls Don Hauk to second
|
|
Batting: RHB Randy Bergman
|
0-0: Swinging Strike 0-1: Called Strike 0-2: Ball 1-2: Ball 2-2: Ball 3-2: Base on Balls Don Hauk to third Pete Hutton to second
|
|
Batting: RHB Gilberto Victoria
|
0-0: Called Strike 0-1: Swinging Strike 0-2: Foul Ball, location: 2F 0-2: Ball 1-2: Strikes out swinging
|
|
Batting: LHB Randy Boone
|
0-0: Called Strike 0-1: Ball 1-1: Called Strike 1-2: Ball 2-2: Foul Ball, location: 2F 2-2: Strikes out swinging
|
|
Batting: RHB Frank Elizondo
|
0-0: Fly out, F9 (Flyball, 9, EV 86.9 MPH)
|
| Bottom of the 8th over - 0 runs, 0 hits, 0 errors, 3 left on base; Chicago (APP) 12 - Bristol 1 |
| TOP OF THE 9TH |
|
Chicago (APP) Cubs batting - Pitching for Bristol Pirates : RHP Ronnie Brooks
|
|
Pitching: RHP Randy Nelligan
|
|
|
Batting: RHB Adrian Cox
|
0-0: Called Strike 0-1: Ball 1-1: Ball 2-1: Ball 3-1: Fly out, F8 (Flyball, 8LD, EV 98.8 MPH)
|
|
Batting: RHB Hugo Torrez
|
0-0: Swinging Strike 0-1: Ground out 4-3 (Groundball, 4, EV 90.6 MPH)
|
|
Batting: RHB Roy Battist
|
0-0: Foul Ball, location: 2F 0-1: SOLO HOME RUN (Flyball, 78XD, EV 105.6 MPH), Distance : 421 ft
|
|
Batting: RHB Mike Larson
|
0-0: Ball 1-0: SOLO HOME RUN (Flyball, 89XD, EV 113.1 MPH), Distance : 436 ft
|
|
Batting: RHB Josh Burns
|
0-0: Called Strike 0-1: Ball 1-1: Ball 2-1: Ball 3-1: Base on Balls
|
|
Batting: RHB Chris Stec
|
0-0: Called Strike 0-1: Ball 1-1: Ball 2-1: Ball 3-1: Foul Ball, location: 2F 3-2: Strikes out swinging
|
| Top of the 9th over - 2 runs, 2 hits, 0 errors, 1 left on base; Chicago (APP) 14 - Bristol 1 |
| BOTTOM OF THE 9TH |
|
Bristol Pirates batting - Pitching for Chicago (APP) Cubs : RHP Roberto Cruz
|
|
Batting: RHB Alain Marquet
|
0-0: Called Strike 0-1: Ball 1-1: Swinging Strike 1-2: Strikes out swinging
|
|
Batting: RHB Rob Colley
|
0-0: Foul Ball, location: 2F 0-1: Swinging Strike 0-2: Ball 1-2: Ball 2-2: Foul Ball, location: 2F 2-2: Ball 3-2: Foul Ball, location: 2F 3-2: Base on Balls
|
|
Batting: RHB Erik Mulligan
|
0-0: Ball 1-0: Ball 2-0: Fly out, F3 (Popup, 3SF, EV 86.9 MPH)
|
|
Batting: SHB Don Hauk
|
0-0: Foul Ball, location: 2F 0-1: Swinging Strike 0-2: Ball 1-2: Strikes out swinging
|
| Bottom of the 9th over - 0 runs, 0 hits, 0 errors, 1 left on base; Chicago (APP) 14 - Bristol 1 |
|